 Dungeon Crawl Stone Soup version 0.28.0-43-g3370ac3207 (webtiles) character file.

Game seed: 10068953928416595416

314 croobank the Chopper (level 6, -8/56 HPs)
             Began as a Hill Orc Monk on Mar 8, 2022.
             Mangled by an ogre
             ... wielding a +0 giant club
              (22 damage)
             ... on level 4 of the Dungeon.
             The game lasted 00:13:27 (4271 turns).

croobank the Chopper (Hill Orc Monk)                Turns: 4271, Time: 00:13:28

Health: -8/56      AC: 16    Str: 14    XL:     6   Next: 43%
Magic:  6/6        EV:  6    Int: 12    God:
Gold:   166        SH:  0    Dex: 13    Spells: 4/5 levels left

rFire   . . .      SeeInvis .   a - +0 war axe
rCold   . . .      Faith    .   (no shield)
rNeg    . . .      Spirit   .   q - +4 chain mail
rPois   .          Reflect  .   (no helmet)
rElec   .          Harm     .   (no cloak)
rCorr   .          Rampage  .   (no gloves)
Will    .....                   (no boots)
Stlth   ..........              (no amulet)
HPRegen 0.18/turn               d - +4 ring of protection
MPRegen 0.10/turn               (no ring)

@: about to teleport
A: no striking features
a: no special abilities


You were on level 4 of the Dungeon.
You visited 1 branch of the dungeon, and saw 5 of its levels.

You collected 166 gold pieces.

Inventory:

Hand Weapons
 a - a +0 war axe (weapon)
 b - a +0 hunting sling
 g - a +0 antimagic whip
 t - a +0 hand axe
 w - a +0 lajatang
Missiles
 e - 5 poisoned darts (quivered)
 h - 95 stones
 j - 27 bolts
 r - 21 arrows
 v - 22 sling bullets
Armour
 f - a +0 scale mail
 l - a +0 robe
 q - a +4 chain mail (worn)
Jewellery
 d - a +4 ring of protection (left hand)
 s - a +4 ring of protection
Scrolls
 c - a scroll of enchant armour {unknown}
 i - 2 scrolls of amnesia
 m - a scroll of silence
Potions
 k - a potion of resistance
 n - a potion of ambrosia
 o - a potion of cancellation
 u - a potion of magic


   Skills:
 + Level 5.1 Fighting
 + Level 5.7 Axes
 + Level 3.5 Dodging
 + Level 3.2 Stealth


You had 4 spell levels left.
You knew the following spells:

 Your Spells              Type           Power      Damage    Failure   Level
a - Sandblast             Erth           0%         2d4       100%        1

Your spell library contained the following spells:

 Spells                   Type           Power      Damage    Failure   Level
 Animate Skeleton         Necr           0%         N/A       100%        1
 Apportation              Tloc           0%         N/A       100%        1
 Summon Small Mammal      Summ           0%         N/A       100%        1
 Passwall                 Tmut/Erth      0%         N/A       100%        2
 Stone Arrow              Conj/Erth      0%         3d7       100%        3
 Summon Lightning Spire   Summ/Air       0%         N/A       100%        4
 Storm Form               Tmut/Air       0%         N/A       100%        7
 Maxwell's Capacitive Co  Air            0%         ∞         100%        8


Dungeon Overview and Level Annotations

Branches:
Dungeon (5/15)             Temple (0/1) D:4

Altars:
Wu Jian

Shops:
D:4 *

Annotations:
D:3 1 runed translucent door, Bearnado's ghost, amateur MiBe


Message History

m - a scroll of silence The bullfrog zombie hits you but does no damage.
You slash the bullfrog zombie!
The bullfrog zombie is moderately damaged.
The bullfrog zombie hits you but does no damage.
You barely miss the bullfrog zombie.
The bullfrog zombie is moderately damaged.
The bullfrog zombie barely misses you.
The bullfrog zombie hits you but does no damage.
You slash the bullfrog zombie!
The bullfrog zombie is severely damaged.
The bullfrog zombie hits you but does no damage.
You slash the bullfrog zombie!
The bullfrog zombie is almost destroyed.
The bullfrog zombie hits you but does no damage. x2
You hit the bullfrog zombie.
You destroy the bullfrog zombie!
You start resting.
HP restored.
There is a stone staircase leading up here.
You see here a +0 lajatang.
w - a +0 lajatang
There is a stone staircase leading up here.
You climb upwards.
The ogre barely misses you.
There is a stone staircase leading down here.
You hit the ogre.
The ogre is lightly wounded.
The ogre hits you with a +0 giant club!!
You hit the ogre but do no damage.
The ogre is lightly wounded.
The ogre hits you with a +0 giant club!
You slash the ogre!
The ogre is heavily wounded.
The ogre hits you with a +0 giant club!
* * * LOW HITPOINT WARNING * * *
Okay, then.
As you read the scroll of teleportation, it crumbles to dust.
You feel strangely unstable. The ogre completely misses you.
The ogre hits you with a +0 giant club!!
You die...

#............#.##..# #....##...
#............#.##..# #....##...
#..................# #.........
#......###+#.......# ##.....#...
#......###.#.#.##.####..........
#...................##.#.##.###.
#......###.#.####.#.##.#.##.# #.
#......# ###.##>O...........# #.
#......#####.##@#<#.##.#.#..# #.
#............##.#O#.##.#.#..# #.
#.####.########.#.#.##.#.#..###.
#. #.# #.................
#.####.# #.#.#.##.#.##.###.
#....#.########.#.#.............
#....'...................##..##.
##...#.#....#####.####.####.....
#)..#.#....# #.# #.# ##.##.


You could see an ogre.

Vanquished Creatures
  A black bear (D:5)
  A bullfrog zombie (D:5)
  A centaur skeleton (D:4)
  An iguana (D:4)
  A gnoll (D:1)
  2 adders
  A worm (D:4)
  3 dart slugs
  An orc (D:3)
  5 ball pythons
  3 endoplasms
  7 giant cockroaches
  11 goblins
  9 hobgoblins
  9 jackals
  3 quokkas
  10 bats
  3 frilled lizards
  4 kobolds
  7 rats
83 creatures vanquished.

Notes
Turn   | Place    | Note
-------+----------+-------------------------------------------
     0 | D:1      | croobank the Hill Orc Monk began the quest for the Orb.
     0 | D:1      | Reached XP level 1. HP: 19/19 MP: 1/1
   360 | D:1      | Reached XP level 2. HP: 27/27 MP: 2/2
   722 | D:1      | Reached XP level 3. HP: 24/33 MP: 3/3
  1548 | D:2      | Found a faded altar of an unknown god.
  1681 | D:2      | Reached XP level 4. HP: 35/40 MP: 4/4
  2569 | D:3      | Found a runed translucent door.
  2585 | D:3      | Learned a level 1 spell: Sandblast
  2888 | D:3      | Noticed Bearnado's ghost (amateur MiBe)
  3084 | D:3      | Found an ornate altar of the Wu Jian Council.
  3593 | D:4      | Reached skill level 5 in Axes
  3593 | D:4      | Reached XP level 5. HP: 46/47 MP: 5/5
  3671 | D:4      | Found Vaytzoen's Gadget Gallery.
  3832 | D:4      | Found a staircase to the Ecumenical Temple.
  4054 | D:4      | Noticed an ogre
  4077 | D:5      | Entered Level 5 of the Dungeon
  4099 | D:5      | Noticed a black bear
  4107 | D:5      | Killed a black bear
  4108 | D:5      | Reached skill level 5 in Fighting
  4108 | D:5      | Reached XP level 6. HP: 32/56 MP: 6/6
  4271 | D:4      | Mangled by an ogre

Illustrated notes

Levels and vault maps discovered:
D:1:      dpeg_arrival_subterranean_lakeside_camping, layout_loops_ring
D:2:      layout_basic, basic_ecumenical_altar
D:3:      layout_basic, nzn_wu_jian_council_hall, ebering_ghost_reflecting_pool
D:4:      layout_basic, trog_three_pillars_becter, minmay_temple_entry_waves,
          nicolae_shop_gadgets
D:5:      layout_loops_ring, uniq_duvessa

Skill      XL: |  1  2  3  4  5 |
---------------+----------------+-----
Fighting       | 4 5 |  5.1
Stealth        | 2 3 |  3.2
Dodging        | 3 |  3.5
Axes           | 5 |  5.7

Action                   |  1- 3 |  4- 6 || total
-------------------------+-------+-------++-------
Melee: Hand axe          |   133 |   140 ||   273
       Punch             |     1 |       ||     1
       War axe           |       |    13 ||    13
 Cast: Sandblast         |       |     3 ||     3
  Use: Scroll            |     2 |     7 ||     9
 Stab: Sleeping          |     2 |       ||     2
Armor: Robe              |    21 |       ||    21
       Scale mail        |    44 |    41 ||    85
       Chain mail        |       |    67 ||    67
Dodge: Dodged            |    71 |    75 ||   146
